 Dungeon Crawl Stone Soup version 0.31-a0-854-g362426d53f (webtiles) character file.

Game seed: 12692903939661961820

349 Azuregosa the Changeling (level 6, -2/47 HPs)
             Began as a Vampire Berserker on Oct 8, 2023.
             Was a Believer of Trog.
             Succumbed to a killer bee's poison
             ... on level 3 of the Dungeon.
             The game lasted 00:14:17 (2380 turns).

Azuregosa the Changeling (Vampire Berserker)        Turns: 2380, Time: 00:14:18

Health: -2/47      AC:  6    Str: 18    XL:     6   Next: 33%
Magic:  6/6        EV: 15    Int:  9    God:    Trog [**....]
Gold:   169        SH:  0    Dex: 14    Spells: 5/5 levels left

rFire   . . .        a - +0 short sword
rCold   . . .        u - orb {*Rage}
rNeg    . . .        f - +0 scale mail
rPois   .            (helmet currently unavailable)
rElec   .            (cloak currently unavailable)
rCorr   .            (gloves currently unavailable)
SInv    +            (boots currently unavailable)
Will    ++...        (no amulet) Stlth
                     q - +5 ring of evasion
HPRegen 1.47/turn    (no ring)
MPRegen 0.10/turn

%: random rage (20%)
@: lethally poisoned (-2 -> -8), beast-form, strong-willed, on berserk cooldown,
regenerating, slowed, very slow
A: beast (slay +3), alive, fangs 3, see invisible, vampiric 2
a: Exsanguinate, Begin Untransformation, Renounce Religion, Berserk, Trog's Hand


You were on level 3 of the Dungeon.
You worshipped Trog.
Trog was pleased with you.
You were a hulking beast.
You visited 1 branch of the dungeon, and saw 4 of its levels.

You collected 169 gold pieces.

Inventory:

Hand Weapons
 a - a +0 short sword (weapon)
 p - a +0 dagger of speed
Armour
 b - a +0 animal skin
 f - a +0 scale mail (worn)
 i - a +0 leather armour of cold resistance
 u - an orb of wrath (worn)
Jewellery
 q - a +5 ring of evasion (left hand)
Talismans
 g - a beast talisman (active)
Wands
 n - a wand of paralysis (11)
Scrolls
 d - 2 scrolls of fear {unknown}
 e - 2 scrolls of immolation {unknown}
 h - 2 scrolls of blinking {unknown}
 l - a scroll of torment {unknown}
 m - 2 scrolls of enchant weapon {unknown}
 s - a scroll of silence {unknown}
 t - a scroll of identify {unknown}
Potions
 c - a potion of mutation {unknown}
 j - 2 potions of curing {unknown}
 k - 2 potions of degeneration {unknown}
 o - a potion of berserk rage {unknown}
 r - a potion of might {unknown}


   Skills:
 - Level 3.1 Fighting
 - Level 4.0 Short Blades
 - Level 1.6 Armour
 - Level 2.3 Dodging
 * Level 5.6 Shapeshifting


You had 5 spell levels left.
You didn't know any spells.
Your spell library was empty.

Dungeon Overview and Level Annotations

Branches:
Dungeon (4/15)
 Temple: D:4-7

Altars:

Shops:
D:2 [


Innate Abilities, Weirdness & Mutations

You are a hulking beast.
Your limbs bulge with bestial killing power. (Slay +3)
Your natural rate of healing is accelerated.
You have razor-sharp teeth.
You have supernaturally acute eyesight. (SInv)
You are afflicted with vampirism and can become a bat while bloodless.


Message History

The killer bee is heavily wounded.
You feel very sick. The killer bee barely misses you.
The killer bee stings you. The killer bee closely misses you.
The killer bee stings you but does no damage. x2
The killer bee stings you.
You are more poisoned.
The killer bee poisons you! The killer bee barely misses you. x2
The killer bee stings you but does no damage.
Your skin crawls.
You feel strong-willed.
You feel extremely sick. The killer bee closely misses you.
The killer bee barely misses you. x2
The killer bee misses you.
The killer bee stings you but does no damage.
The killer bee barely misses you. The killer bee stings you.
* * * LOW HITPOINT WARNING * * *
You are more poisoned.
The killer bee poisons you! The killer bee closely misses you. x2
You closely miss the killer bee.
The killer bee is heavily wounded.
* * * LOW HITPOINT WARNING * * *
You feel very sick. The killer bee stings you.
* * * LOW HITPOINT WARNING * * *
You are more poisoned.
The killer bee poisons you! The killer bee barely misses you.
The killer bee misses you. The killer bee completely misses you.
The killer bee stings you but does no damage.
The killer bee barely misses you.
You miss the killer bee.
The killer bee is moderately wounded.
* * * LOW HITPOINT WARNING * * *
You feel very sick. The killer bee closely misses you.
The killer bee stings you but does no damage.
The killer bee misses you. x2; The killer bee closely misses you. x2
You miss the killer bee.
The killer bee is moderately wounded.
You die...

♣..♣ ##..........#
#.#.#.#.# ♣..♣
#.......(..# #.#.#.#.#
♣..♣ ######.....#
###.#.#.#.# ♣♣.♣♣
#.....# #...#.#.#.# ♣♣.♣
#.#.### #.#...#>#.# ♣.♣♣
....#######.#.###.#.##
♣♣.♣
##.#...................
♣.♣
#.#.#######.#######.#.
♣♣.♣
#.#.yh....#.........#.
♣..♣
......y.y...###########.
♣.♣♣
........................
♣♣.♣
............############
♣..♣ ............# ♣.♣♣
#...........# ♣.♣♣
#...........# ♣♣.♣
#...........# ♣.♣♣
..........#


You could see 3 killer bees.

Vanquished Creatures
  Grinder (D:3)
  A sleepcap (D:4)
  4 adders
  2 worms (D:2)
  2 dart slugs
  3 orcs (D:3)
  8 endoplasms
  2 giant cockroaches (D:3)
  6 goblins
  8 hobgoblins
  5 jackals
  5 kobolds
  2 quokkas
  4 ball pythons
  12 bats
  6 frilled lizards
  2 rats
73 creatures vanquished.

Notes
Turn   | Place    | Note
-------+----------+-------------------------------------------
     0 | D:1      | Azuregosa the Vampire Berserker began the quest for the
                  | Orb.
     0 | D:1      | Reached XP level 1. HP: 17/17 MP: 1/1
   186 | D:1      | Reached XP level 2. HP: 22/23 MP: 2/2
   486 | D:1      | Gained mutation: You are afflicted with vampirism and can
                  | become a bat while bloodless. [Vampire growth]
   486 | D:1      | Reached XP level 3. HP: 29/29 MP: 3/3
   881 | D:2      | Reached skill level 1 in Shapeshifting
   881 | D:2      | Reached ** piety under Trog
   935 | D:2      | Found Berphaiq's Antique Armour Shoppe.
  1250 | D:2      | Reached skill level 2 in Shapeshifting
  1425 | D:2      | Reached XP level 4. HP: 35/35 MP: 4/4
  2069 | D:3      | Noticed Grinder
  2078 | D:3      | Reached skill level 3 in Shapeshifting
  2087 | D:3      | Killed Grinder
  2088 | D:3      | Reached skill level 5 in Shapeshifting
  2088 | D:3      | Reached XP level 5. HP: 41/41 MP: 5/5
  2088 | D:3      | Reached XP level 6. HP: 47/47 MP: 6/6
  2379 | D:3      | HP: 1/47 [poisoned by a killer bee]
  2380 | D:3      | Succumbed to a killer bee's poison

Illustrated notes

Levels and vault maps discovered:
D:1:      dpeg_arrival_circle_labyrinth_b, layout_basic
D:2:      layout_loops_ring, serial_shops, nicolae_shop_getting_attention,
          minmay_heptomino_w4
D:3:      kb_forest_paths, layout_basic, uniq_ijyb, uniq_grinder
D:4:      layout_cave_pools, minmay_temple_entry_junction, serial_shops,
          kennysheep_mini

Skill      XL: |  1  2  3  4 |
---------------+-------------+-----
Fighting       | 3 |  3.1
Short Blades   | 4 |  4.0
Shapeshifting  | 2 5 |  5.6
Armour         | |  1.6
Dodging        | |  2.3

Action                     |  1- 3 |  4- 6 || total
---------------------------+-------+-------++-------
  Melee: Short sword       |   160 |    97 ||   257
         Bite              |     9 |    11 ||    20
         Punch             |     1 |     3 ||     4
 Invoke: Berserk           |     3 |     2 ||     5
         Trog's Hand       |       |     1 ||     1
 Armour: Animal skin       |    35 |       ||    35
         Scale mail        |    59 |    53 ||   112
  Dodge: Dodged            |    96 |    93 ||   189
   Form: Beast             |     1 |       ||     1

Table legend: (Time is in decaauts)
 A = Elapsed time spent in this place.
 B = Non-inter-level travel time spent in this place.
 C = Inter-level travel time spent in this place.
 D = Time resting spent in this place.
 E = Time spent auto-exploring this place.
 F = Levels seen in this place.
 G = Mean time per level.
                   A        B        C        D        E       F      G
               +--------+--------+--------+--------+--------+-----+--------+
         Total |   2376 |   2320 |     56 |    200 |   1374 |   4 |  594.0 |
       Dungeon |   2376 |   2320 |     56 |    200 |   1374 |   4 |  594.0 |
               +--------+--------+--------+--------+--------+-----+--------+

Top non-repeatable levels by time:
     D:1: 838 daAuts
     D:3: 815 daAuts
     D:2: 653 daAuts
     D:4: 68 daAuts
